 Dungeon Crawl Stone Soup version 0.14-a0-1837-g7fb8695 (webtiles) character file.

500 Mitsuki the Digger (level 6, -1/32 HPs)
             Began as a Deep Elf Earth Elementalist on Jan 10, 2014.
             Slain by an orc
             ... wielding a -1,+1 orcish hand axe
              (6 damage)
             ... on Level 4 of the Dungeon.
             The game lasted 00:27:14 (3424 turns).

Mitsuki the Digger (Deep Elf Earth Elementalist)    Turns: 3424, Time: 00:27:14

HP  -1/32        AC  4     Str  8      XL: 6   Next: 24%
MP  17/18        EV 12     Int 20      God:
Gold 174         SH  0     Dex 12      Spells:  4 memorised,  2 levels left

rFire  . . .     SeeInvis .     q - +9,+6 trident of the Dungeon {pierce, Str+1 Dex-3}
rCold  . . .     Clarity  .     j - +0 elf robe
rNeg   . . .     Conserve .     (no shield)
rPois  .         rCorr    .     g - +1 wizard hat
rElec  .         rRot     .     (no cloak)
SustAb . .       Spirit   .     n - +0 pair of gloves
rMut   .         Warding  .     (no boots)
Saprov . . .     Stasis   .     (no amulet)
                                (no ring)
                                (no ring)

@: slightly resistant to hostile enchantments, fairly stealthy
A: no striking features
a: no special abilities


You were on level 4 of the Dungeon.
You were not hungry.

You visited 1 branch of the dungeon, and saw 4 of its levels.

You collected 174 gold pieces.

Inventory:

Hand weapons
 a - a +0,+0 quarterstaff
 q - the +9,+6 trident of the Dungeon (weapon) {pierce, Str+1 Dex-3}
   (You found it on level 4 of the Dungeon)

   It inflicts extra damage upon your enemies.
   It affects your strength (+1).
   It affects your dexterity (-3).
Missiles
 b - 92 stones (quivered)
Armour
 g - a +1 wizard hat (worn)
 j - a +0 elven robe (worn)
 n - a +0 pair of gloves (worn)
Magical devices
 f - a wand of confusion (14)
Comestibles
 l - 2 bread rations
Scrolls
 k - a scroll of amnesia {unknown}
 m - 2 scrolls of identify
 o - a scroll of blinking {unknown}
 p - a scroll of fear
Jewellery
 i - an uncursed amulet of resist mutation
Potions
 c - 2 potions of might
 e - a potion of heal wounds
 h - 3 potions of curing
Books
 d - a book of Geomancy

   Spells                             Type                      Level
   *Sandblast                         Earth                        1
   *Stoneskin                         Transmutation/Earth          2
   *Passwall                          Transmutation/Earth          3
   *Stone Arrow                       Conjuration/Earth            3
   Petrify                            Transmutation/Earth          4
   Lee's Rapid Deconstruction         Earth                        5


   Skills:
 + Level 3.2 Staves
 - Level 2.4 Dodging
 - Level 2.4 Stealth
 + Level 3.2 Spellcasting
 + Level 0.9 Conjurations
 + Level 1.3 Transmutations
 + Level 6.4 Earth Magic


You had 2 spell levels left.
You knew the following spells:

 Your Spells              Type           Power        Failure   Level  Hunger
a - Sandblast             Erth           ####..       1%          1    None
b - Stone Arrow           Conj/Erth      ###...       10%         3    ###....
c - Passwall              Trmt/Erth      ###.......   10%         3    ###....
d - Stoneskin             Trmt/Erth      ###.......   4%          2    ##.....


Dungeon Overview and Level Annotations

Branches:
Dungeon (4/16)
 Temple: D:4-7

Altars:

Shops:
D:4 %


Message History

The orc hits you with an orcish flail.
* * * LOW HITPOINT WARNING * * *
You closely miss the orc.
The orc is moderately wounded.
The orc barely misses you.
You puncture the orc!
You kill the orc!
The orc skeleton misses you.
The giant cockroach bites you but does no damage.
You hit the giant cockroach.
You kill the giant cockroach!
You puncture the orc!
You kill the orc!
You hit the orc skeleton.
The orc skeleton hits you but does no damage.
You puncture the orc skeleton!
You destroy the orc skeleton!
You barely miss the orc.
The orc hits you with an orcish hand axe.
You die...

. #.# #.# #.# #.#
#.# #####
###.#####.# ......
...........#
$.....##########.###
#........o@.......#
......#.#######..#
... #)# #.....
##......# #.####.#
..........# #.#
####......# #.#
......... ..#
.........## ###
##.#..###


You could see an orc.

Vanquished Creatures
  2 hounds (D:4)
  An orc priest (D:4)
  2 worker ants (D:4)
  2 orc wizards
  5 adders
  A giant mite (D:4)
  A worm (D:2)
  An inept feature mimic (D:3)
  3 giant geckos
  12 orcs
  A ball python (D:2)
  6 bats
  4 giant cockroaches
  5 hobgoblins
  A quokka (D:3)
  2 giant newts
  10 goblins
  4 kobolds
  An orc skeleton (D:4)
  6 rats
70 creatures vanquished.

Notes
Turn   | Place    | Note
--------------------------------------------------------------
     0 | D:1      | Mitsuki, the Deep Elf Earth Elementalist, began the quest for the Orb.
     0 | D:1      | Reached XP level 1. HP: 10/10 MP: 5/5
   421 | D:2      | Reached skill level 4 in Earth Magic
   421 | D:2      | Reached XP level 2. HP: 15/15 MP: 6/8
   860 | D:2      | Reached XP level 3. HP: 19/19 MP: 8/10
   865 | D:2      | Learned a level 3 spell: Stone Arrow
  1028 | D:2      | Reached skill level 5 in Earth Magic
  1615 | D:3      | Reached XP level 4. HP: 18/24 MP: 9/13
  1862 | D:3      | Reached skill level 6 in Earth Magic
  1940 | D:2      | Learned a level 3 spell: Passwall
  2477 | D:3      | Learned a level 2 spell: Stoneskin
  2604 | D:3      | Reached XP level 5. HP: 28/28 MP: 16/16
  2759 | D:4      | Reached skill level 1 in Staves
  3257 | D:4      | Reached XP level 6. HP: 26/32 MP: 11/18
  3274 | D:4      | Found Juimur's Food Shop.
  3407 | D:4      | Got a shimmering trident
  3408 | D:4      | Identified the +9,+6 trident of the Dungeon {pierce, Str+1 Dex-3} (You found it on level 4 of the Dungeon)
  3424 | D:4      | Slain by an orc

Action                   |  1- 3 |  4- 6 || total
-------------------------+-------+-------++-------
Melee: Quarterstaff      |       |    35 ||    35
       Trident           |       |     9 ||     9
Throw: Stone             |    10 |       ||    10
 Cast: Sandblast         |    36 |    28 ||    64
       Stone Arrow       |    11 |    22 ||    33
       Passwall          |       |     3 ||     3
       Stoneskin         |       |     1 ||     1
Evoke: Wand              |     1 |       ||     1
  Use: Scroll            |     7 |       ||     7
       Potion            |       |     7 ||     7
 Stab: Sleeping          |       |     2 ||     2
